 Dungeon Crawl Stone Soup version 0.21-a0-331-gfb491b4 (webtiles) character file.

14417 tidbits the Infuser (level 12, -3/94 HPs)
             Began as a Gnoll Skald on Oct 2, 2017.
             Was the Champion of Cheibriados.
             Slain by an ettin
             ... wielding a +0 dire flail
              (8 damage)
             ... on level 2 of the Orcish Mines.
             The game lasted 00:37:49 (4155 turns).

tidbits the Infuser (Gnoll Skald)                   Turns: 4155, Time: 00:37:49

Health: -3/94      AC: 10    Str: 29    XL:     12   Next: 16%
Magic:  19/24      EV: 22    Int: 39    God:    Cheibriados [******]
Gold:   1405       SH:  0    Dex: 35    Spells: 18/28 levels left

rFire    . . .     SeeInvis .   I - +3 battleaxe (freeze)
rCold    . . .     Gourm    .   (shield currently unavailable)
rNeg     . . .     Faith    .   B - +2 leather armour "Ijomasep" {*Contam rPois Int+5 Dex+2}
rPois    +         Spirit   .   E - +0 helmet
rElec    .         Reflect  .   p - scarf {repulsion}
rCorr    .         Harm     .   G - +0 pair of gloves
MR       .....     Clarity  +   (no boots)
Stlth    ++++......             s - amulet of magic regeneration
HPRegen  1.25/turn              f - ring of flight
MPRegen  0.44/turn              Q - +2 ring of dexterity

@: singing, regenerating, repel missiles, very slow
A: distributed training, fangs 1, talons 1, yellow scales 1, clarity, strong
nose
a: Bend Time, Temporal Distortion, Slouch, Step From Time, Renounce Religion,
Evoke Flight


You were on level 2 of the Orcish Mines.
You worshipped Cheibriados.
Cheibriados was exalted by your worship.
You were not hungry.

You visited 2 branches of the dungeon, and saw 14 of its levels.
You also visited: Bailey.

You collected 1663 gold pieces.
You spent 258 gold pieces at shops.

Inventory:

Hand Weapons
 b - a +3 eveningstar of protection
   (You took it off Urug on level 1 of the Orcish Mines)
 n - a +0 broad axe
 I - a +3 battleaxe of freezing (weapon)
   (You took it off a wight on level 6 of the Dungeon)
 S - a +0 blowgun
 T - a +1 dagger of venom
   (You took it off an orc on level 8 of the Dungeon)
 Y - a +0 war axe of freezing
   (You took it off an orc on level 10 of the Dungeon)
 Z - a +3 whip of electrocution
   (You took it off an orc priest on level 10 of the Dungeon)
Missiles
 a - 23 tomahawks of returning (quivered)
 e - 255 arrows
 j - 4 javelins of penetration
Armour
 p - a scarf of repulsion (worn)
   (You found it on level 1 of the Dungeon)
 B - the +2 leather armour "Ijomasep" (worn) {*Contam rPois Int+5 Dex+2}
   (You found it on level 10 of the Dungeon)

   It affects your intelligence (+5).
   It affects your dexterity (+2).
   It protects you from poison.
   It causes magical contamination when unequipped.
 C - the +0 cloak of Mumblety Peg {Int+6}
   (You found it on level 11 of the Dungeon)

   It affects your intelligence (+6).
 E - a +0 helmet (worn)
 G - a +0 pair of gloves (worn)
Jewellery
 f - a ring of flight (left hand)
   (You bought it in a shop on level 5 of the Dungeon)
 s - an amulet of magic regeneration (around neck)
   (You bought it in a shop on level 5 of the Dungeon)
 Q - a +2 ring of dexterity (right hand)
   (You found it on level 7 of the Dungeon)
Wands
 q - a wand of scattershot (3/9)
 H - a wand of lightning (10/15)
 L - a wand of lightning (1/15)
 V - a wand of lightning (5/15)
Scrolls
 h - a scroll of fear
 i - a scroll of recharging
 l - 2 scrolls of random uselessness {unknown}
 r - a scroll of remove curse
 y - 4 scrolls of amnesia
 M - 2 scrolls of teleportation {unknown}
 O - a scroll of fog
 R - 4 scrolls of magic mapping
 U - a scroll of enchant weapon {unknown}
 W - a scroll of enchant armour {unknown}
Potions
 g - 9 potions of degeneration
 k - 2 potions of lignification
 m - a potion of agility
 o - a potion of might {unknown}
 u - a potion of curing {unknown}
 v - 2 potions of haste {unknown}
 w - a potion of mutation {!q}
 x - a potion of invisibility {unknown}
 F - 2 potions of cancellation {unknown}
 J - a potion of resistance {unknown}
 K - a potion of berserk rage {unknown}
Books
 c - a book of Battle

   Spells                             Type                      Level
   a - Infusion                       Charms                       1
   b - Shroud of Golubria             Charms/Translocation         2
   c - Song of Slaying                Charms                       2
   d - Spectral Weapon                Hexes/Charms                 3
   e - Regeneration                   Charms/Necromancy            3
Miscellaneous
 A - a crystal ball of energy
Comestibles
 d - 4 bread rations
 z - a meat ration


   Skills:
 + Level 8.3 Fighting
 + Level 6.9 Short Blades
 + Level 6.9 Long Blades
 + Level 8.3 Axes
 + Level 6.9 Maces & Flails
 + Level 6.9 Polearms
 + Level 6.9 Staves
 + Level 6.9 Slings
 + Level 6.9 Bows
 + Level 6.9 Crossbows
 + Level 6.9 Throwing
 + Level 7.4 Armour
 + Level 8.3 Dodging
 + Level 6.9 Stealth
   Level 0.0 Stabbing
 + Level 6.9 Shields
   Level 0.0 Traps
 + Level 6.9 Unarmed Combat
 + Level 8.6 Spellcasting
 + Level 6.9 Conjurations
 + Level 6.9 Hexes
 + Level 9.5 Charms
 + Level 6.9 Summonings
 + Level 6.9 Necromancy
 + Level 6.9 Translocations
 + Level 6.9 Transmutations
 + Level 6.9 Fire Magic
 + Level 6.9 Ice Magic
 + Level 6.9 Air Magic
 + Level 6.9 Earth Magic
 + Level 6.9 Poison Magic
 + Level 6.9 Invocations
 + Level 6.9 Evocations


You had 18 spell levels left.
You knew the following spells:

 Your Spells              Type           Power        Failure   Level  Hunger
g - Shroud of Golubria    Chrm/Tloc      ######....   1%          2    None
r - Regeneration          Chrm/Necr      ######....   1%          3    None
w - Spectral Weapon       Hex/Chrm       ######..     1%          3    None
y - Song of Slaying       Chrm           #######.     1%          2    None


Dungeon Overview and Level Annotations

Branches:
Dungeon (12/15)            Temple (0/1) D:4            Lair (0/6) D:11
    Orc (2/2) D:10
    Elf: Orc:2

Altars:
Cheibriados
Hepliaklqana
Makhleb
Wu Jian
Beogh

Shops:
D:4 *   D:5 **   Orc:2 *


Innate Abilities, Weirdness & Mutations

Your experience applies equally to all skills.
You have very sharp teeth.
Your uncanny sense of smell can sniff out nearby items.
You have sharp toenails.
You are partially covered in yellow scales. (AC +2)
You possess an exceptional clarity of mind.


Message History

a plate armour; an orc corpse
There is a gate leading back out of this place here.
Welcome back to the Orcish Mines!
There is an empty arch of ancient stone here.
Items here: % [[[[ a +2 robe of magic resistance; a +2 robe of cold resistance; a runed scale mail 3 meat rations; a +0 troll leather armour
There is an open door here.
Found 16 gold pieces.
You now have 1405 gold pieces (gained 16).
There is a stone staircase leading down here.
Drop what? 49/52 slots (_ for help) (? for menu, Esc to quit)
You drop 4 tomahawks.
Search for what [Enter for "shield", or ? for help]? .
Casting: Spectral Weapon
Confirm with . or Enter, or press ? or * to list all spells.
Your skin crawls.
Casting: Regeneration
Confirm with . or Enter, or press ? or * to list all spells.
Space distorts slightly along a thin shroud covering your body.
Casting: Shroud of Golubria
Confirm with . or Enter, or press ? or * to list all spells.
You start singing a song of slaying.
You climb downwards.
There is a stone staircase leading up here.
A cyclops comes into view.
You hear two shouts!
You hear a shout!
The cyclops throws a large rock.
The large rock is repelled.
A cyclops comes into view.
The cyclops throws a large rock.
The large rock is repelled.
Found Laekhlugg's General Store.
The cyclops throws a large rock.
The large rock hits you!
The cyclops throws a large rock.
The large rock completely misses you.
An ettin comes into view. It is wielding two dire flails.
You see here a large rock.
The cyclops throws a large rock.
The large rock closely misses you.
The large rock barely misses the cyclops.
The cyclops misses you.
Casting: Song of Slaying
Confirm with . or Enter, or press ? or * to list all spells.
You draw out your weapon's spirit!
The cyclops closely misses you.
You hit the cyclops. You freeze the cyclops.
You claw the cyclops, but do no damage.
The cyclops is lightly wounded.
You slice the fungus!! You freeze the fungus!
Your spectral weapon hits the cyclops!
Your spectral weapon freezes the cyclops.
Your spectral weapon hits the fungus!
Your spectral weapon freezes the fungus.
The cyclops hits you.
You barely miss the cyclops. You claw the cyclops!
You bite the cyclops, but do no damage.
The cyclops is severely wounded.
You slash the fungus! You freeze the fungus.
You destroy the fungus!
Your spectral weapon barely misses the cyclops.
The flow of time bends around you.
Cheibriados rebukes your spectral weapon.
Your spectral weapon seems to slow down.
The cyclops resists with some effort.
The ettin resists with some effort.
You feel slightly more hungry. The cyclops misses you. The ettin misses you.
The ettin hits you with a dire flail! The flow of time bends around you.
Cheibriados rebukes the cyclops.
The cyclops seems to slow down.
The ettin resists with some effort.
You feel slightly more hungry. The ettin barely misses you.
The ettin misses you. The cyclops hits you!
Your shroud falls apart!
Your leather armour "Ijomasep" prevents you from hitting the cyclops.
You claw the cyclops.
The cyclops is almost dead.
You slash the ettin! You freeze the ettin. You hit the cyclops.
You freeze the cyclops.
Your spectral weapon hits the cyclops!
Your spectral weapon freezes the cyclops.
You kill the cyclops!
The ettin hits you with a dire flail. The ettin hits you with a dire flail!!!
* * * LOW HITPOINT WARNING * * *
The cyclops misses you.
Unknown command.
You feel much better. The ettin hits you with a dire flail!!!
* * * LOW HITPOINT WARNING * * *
The ettin misses you.
Okay, then.
You hit the ettin but do no damage. You claw the ettin!
The ettin is moderately wounded.
You slash the cyclops! You freeze the cyclops.
Your spectral weapon barely misses the ettin.
Your spectral weapon hits the fungus!!
Your spectral weapon freezes the fungus.
The cyclops closely misses you. The ettin misses you. x2
You hit the ettin. You freeze the ettin. You claw the ettin, but do no damage.
The ettin is moderately wounded.
You barely miss the cyclops.
Your spectral weapon hits the ettin!
Your spectral weapon freezes the ettin.
Your spectral weapon hits the fungus!
Your spectral weapon freezes the fungus.
The cyclops hits you!
* * * LOW HITPOINT WARNING * * *
The ettin hits you with a dire flail!
You die...

.....P......##
........PP...#.#
.....∩....P......
..................
...8..............
..P...P.P.........
......CC.P........
#..P...@(.........
##.....((.........
#................
#.#.........#.#. #
###.(.(..(#
#......###
#.#<...# ###...##
##...#


You could see an ettin, a cyclops and a friendly spectral battleaxe of freezing.

Vanquished Creatures
  A stone giant (Orc:1)
  Fannar (Orc:1)
  Erolcha (D:11)
  A two-headed ogre (D:11)
  Urug (Orc:1)
  2 unseen horrors
  An orc knight (Bailey)
  2 ugly things
  A cyclops (Orc:2)
  Maurice (Orc:1)
  Psyche (D:8)
  4 trolls
  6 yaks (D:10)
  A wraith (D:11)
  A wyvern (D:10)
  Menkaure (D:4)
  A warg (Orc:1)
  Duvessa (D:4)
  4 porcupines (D:11)
  2 black bears
  7 orc warriors
  2 ice beasts
  2 sky beasts
  A necrophage (D:10)
  2 ogres
  9 centaurs
  A crocodile (D:10)
  3 big kobolds
  7 bullfrogs
  Dowan (D:4)
  6 scorpions
  6 killer bees (D:11)
  3 wights (D:6)
  A centaur zombie (D:5)
  3 crimson imps
  A quasit (D:6)
  A jelly (D:6)
  A bullfrog skeleton (D:9)
  A gnoll shaman (D:7)
  4 orc priests
  4 hounds
  2 iguanas
  10 orc wizards
  4 worker ants
  A hound zombie (D:6)
  A hound skeleton (D:6)
  A worker ant zombie (D:10)
  A howler monkey skeleton (D:5)
  5 adders
  7 gnolls
  A shadow imp (D:6)
  2 worms (D:3)
  2 dart slugs (D:1)
  5 leopard geckos
  44 orcs
  A ball python (D:5)
  6 giant cockroaches
  6 goblins
  7 hobgoblins
  17 jackals
  5 quokkas
  6 bats
  6 frilled lizards
  2 giant cockroach zombies
  18 kobolds
  A leopard gecko skeleton (D:8)
  A quokka skeleton (D:6)
  3 rats (D:1)
  A fungus (Orc:2)
266 creatures vanquished.

Vanquished Creatures (others)
  A fungus (D:11)
  A spectral weapon (D:10)
2 creatures vanquished.

Grand Total: 268 creatures vanquished

Notes
Turn   | Place    | Note
-------+----------+-------------------------------------------
     0 | D:1      | tidbits the Gnoll Skald began the quest for the Orb.
     0 | D:1      | Reached XP level 1. HP: 20/20 MP: 6/6
    55 | D:1      | Reached XP level 2. HP: 21/26 MP: 0/7
    59 | D:1      | Learned a level 2 spell: Song of Slaying
    62 | D:1      | Learned a level 2 spell: Shroud of Golubria
   199 | D:2      | Reached XP level 3. HP: 27/31 MP: 6/9
   205 | D:2      | Reached skill level 5 in Spellcasting
   494 | D:2      | Found a snail-covered altar of Cheibriados.
   502 | D:2      | Became a worshipper of Cheibriados the Contemplative
   563 | D:3      | Found a hazy altar of Hepliaklqana.
   620 | D:2      | Found a faded altar of an unknown god.
   661 | D:3      | Reached skill level 1 in Short Blades
   661 | D:3      | Reached skill level 1 in Long Blades
   661 | D:3      | Reached skill level 1 in Maces & Flails
   661 | D:3      | Reached skill level 1 in Polearms
   661 | D:3      | Reached skill level 1 in Staves
   661 | D:3      | Reached skill level 1 in Slings
   661 | D:3      | Reached skill level 1 in Bows
   661 | D:3      | Reached skill level 1 in Crossbows
   661 | D:3      | Reached skill level 1 in Throwing
   661 | D:3      | Reached skill level 1 in Stealth
   661 | D:3      | Reached skill level 1 in Shields
   661 | D:3      | Reached skill level 1 in Unarmed Combat
   661 | D:3      | Reached skill level 1 in Conjurations
   661 | D:3      | Reached skill level 1 in Hexes
   661 | D:3      | Reached skill level 1 in Summonings
   661 | D:3      | Reached skill level 1 in Necromancy
   661 | D:3      | Reached skill level 1 in Translocations
   661 | D:3      | Reached skill level 1 in Transmutations
   661 | D:3      | Reached skill level 1 in Fire Magic
   661 | D:3      | Reached skill level 1 in Ice Magic
   661 | D:3      | Reached skill level 1 in Air Magic
   661 | D:3      | Reached skill level 1 in Earth Magic
   661 | D:3      | Reached skill level 1 in Poison Magic
   661 | D:3      | Reached skill level 1 in Invocations
   661 | D:3      | Reached skill level 1 in Evocations
   661 | D:3      | Reached XP level 4. HP: 33/38 MP: 0/11
   666 | D:3      | Learned a level 3 spell: Regeneration
   670 | D:3      | Learned a level 3 spell: Spectral Weapon
   978 | D:4      | Found Arewn's Assorted Antiques.
   982 | D:4      | Noticed Duvessa
   994 | D:4      | Noticed an ice beast
  1005 | D:4      | Killed Duvessa
  1005 | D:4      | Reached * piety under Cheibriados
  1005 | D:4      | Reached skill level 3 in Armour
  1005 | D:4      | Reached XP level 5. HP: 13/43 MP: 0/12
  1009 | D:4      | Noticed Dowan
  1016 | D:4      | Killed an ice beast
  1016 | D:4      | Reached XP level 6. HP: 14/50 MP: 0/14
  1026 | D:4      | Killed Dowan
  1026 | D:4      | Reached skill level 5 in Fighting
  1026 | D:4      | Reached skill level 2 in Short Blades
  1026 | D:4      | Reached skill level 2 in Long Blades
  1026 | D:4      | Reached skill level 5 in Axes
  1026 | D:4      | Reached skill level 2 in Maces & Flails
  1026 | D:4      | Reached skill level 2 in Polearms
  1026 | D:4      | Reached skill level 2 in Staves
  1026 | D:4      | Reached skill level 2 in Slings
  1026 | D:4      | Reached skill level 2 in Bows
  1026 | D:4      | Reached skill level 2 in Crossbows
  1026 | D:4      | Reached skill level 2 in Throwing
  1026 | D:4      | Reached skill level 5 in Dodging
  1026 | D:4      | Reached skill level 2 in Stealth
  1026 | D:4      | Reached skill level 2 in Shields
  1026 | D:4      | Reached skill level 2 in Unarmed Combat
  1026 | D:4      | Reached skill level 2 in Conjurations
  1026 | D:4      | Reached skill level 2 in Hexes
  1026 | D:4      | Reached skill level 2 in Summonings
  1026 | D:4      | Reached skill level 2 in Necromancy
  1026 | D:4      | Reached skill level 2 in Translocations
  1026 | D:4      | Reached skill level 2 in Transmutations
  1026 | D:4      | Reached skill level 2 in Fire Magic
  1026 | D:4      | Reached skill level 2 in Ice Magic
  1026 | D:4      | Reached skill level 2 in Air Magic
  1026 | D:4      | Reached skill level 2 in Earth Magic
  1026 | D:4      | Reached skill level 2 in Poison Magic
  1026 | D:4      | Reached skill level 2 in Invocations
  1026 | D:4      | Reached skill level 2 in Evocations
  1041 | D:4      | Noticed Menkaure
  1169 | D:4      | Gained mutation: You have sharp toenails. [potion of mutation]
  1169 | D:4      | Gained mutation: You are partially covered in yellow scales. (AC +2) [potion of mutation]
  1169 | D:4      | Gained mutation: You possess an exceptional clarity of mind. [potion of mutation]
  1219 | D:4      | Reached XP level 7. HP: 51/56 MP: 9/15
  1321 | D:5      | Entered Level 5 of the Dungeon
  1417 | D:5      | Reached skill level 7 in Charms
  1431 | D:6      | Reached ** piety under Cheibriados
  1578 | D:5      | Found Vuoczing's Assorted Antiques.
  1586 | D:5      | Bought an ivory ring for 100 gold pieces
  1586 | D:5      | Bought a dented lapis lazuli amulet for 100 gold pieces
  1591 | D:5      | Bought a yellow potion for 18 gold pieces
  1591 | D:5      | Bought a scroll of identify for 40 gold pieces
  1621 | D:4      | Found a staircase to the Ecumenical Temple.
  1689 | D:4      | Killed Menkaure
  1786 | D:5      | Found Ismoptor's General Store.
  1865 | D:6      | Reached XP level 8. HP: 63/63 MP: 13/16
  1872 | D:6      | Reached skill level 3 in Short Blades
  1872 | D:6      | Reached skill level 3 in Long Blades
  1872 | D:6      | Reached skill level 3 in Maces & Flails
  1872 | D:6      | Reached skill level 3 in Polearms
  1872 | D:6      | Reached skill level 3 in Staves
  1872 | D:6      | Reached skill level 3 in Slings
  1872 | D:6      | Reached skill level 3 in Bows
  1872 | D:6      | Reached skill level 3 in Crossbows
  1872 | D:6      | Reached skill level 3 in Throwing
  1872 | D:6      | Reached skill level 4 in Armour
  1872 | D:6      | Reached skill level 3 in Stealth
  1872 | D:6      | Reached skill level 3 in Shields
  1872 | D:6      | Reached skill level 3 in Unarmed Combat
  1872 | D:6      | Reached skill level 3 in Conjurations
  1872 | D:6      | Reached skill level 3 in Hexes
  1872 | D:6      | Reached skill level 3 in Summonings
  1872 | D:6      | Reached skill level 3 in Necromancy
  1872 | D:6      | Reached skill level 3 in Translocations
  1872 | D:6      | Reached skill level 3 in Transmutations
  1872 | D:6      | Reached skill level 3 in Fire Magic
  1872 | D:6      | Reached skill level 3 in Ice Magic
  1872 | D:6      | Reached skill level 3 in Air Magic
  1872 | D:6      | Reached skill level 3 in Earth Magic
  1872 | D:6      | Reached skill level 3 in Poison Magic
  1872 | D:6      | Reached skill level 3 in Invocations
  1872 | D:6      | Reached skill level 3 in Evocations
  1886 | D:6      | Reached skill level 6 in Spellcasting
  2008 | D:6      | Reached *** piety under Cheibriados
  2184 | D:7      | Reached skill level 6 in Fighting
  2184 | D:7      | Reached skill level 6 in Axes
  2184 | D:7      | Reached skill level 6 in Dodging
  2184 | D:7      | Reached XP level 9. HP: 69/69 MP: 15/18
  2239 | D:8      | Noticed Psyche
  2245 | D:8      | Killed Psyche
  2245 | D:8      | Reached skill level 4 in Short Blades
  2245 | D:8      | Reached skill level 4 in Long Blades
  2245 | D:8      | Reached skill level 4 in Maces & Flails
  2245 | D:8      | Reached skill level 4 in Polearms
  2245 | D:8      | Reached skill level 4 in Staves
  2245 | D:8      | Reached skill level 4 in Slings
  2245 | D:8      | Reached skill level 4 in Bows
  2245 | D:8      | Reached skill level 4 in Crossbows
  2245 | D:8      | Reached skill level 4 in Throwing
  2245 | D:8      | Reached skill level 4 in Stealth
  2245 | D:8      | Reached skill level 4 in Shields
  2245 | D:8      | Reached skill level 4 in Unarmed Combat
  2245 | D:8      | Reached skill level 4 in Conjurations
  2245 | D:8      | Reached skill level 4 in Hexes
  2245 | D:8      | Reached skill level 4 in Summonings
  2245 | D:8      | Reached skill level 4 in Necromancy
  2245 | D:8      | Reached skill level 4 in Translocations
  2245 | D:8      | Reached skill level 4 in Transmutations
  2245 | D:8      | Reached skill level 4 in Fire Magic
  2245 | D:8      | Reached skill level 4 in Ice Magic
  2245 | D:8      | Reached skill level 4 in Air Magic
  2245 | D:8      | Reached skill level 4 in Earth Magic
  2245 | D:8      | Reached skill level 4 in Poison Magic
  2245 | D:8      | Reached skill level 4 in Invocations
  2245 | D:8      | Reached skill level 4 in Evocations
  2297 | D:7      | Reached **** piety under Cheibriados
  2366 | D:7      | Reached skill level 5 in Armour
  2410 | D:7      | Found a burning altar of Makhleb.
  2485 | D:8      | Found an ornate altar of the Wu Jian Council.
  2646 | D:10     | Entered Level 10 of the Dungeon
  2694 | D:9      | Noticed a green ugly thing
  2702 | D:9      | Killed a green ugly thing
  2702 | D:9      | Reached skill level 8 in Charms
  2785 | D:10     | Noticed a troll
  2792 | D:10     | Killed a troll
  2792 | D:10     | Reached skill level 7 in Spellcasting
  2792 | D:10     | Reached XP level 10. HP: 64/77 MP: 13/20
  2861 | D:10     | Killed an unseen horror
  2861 | D:10     | Reached ***** piety under Cheibriados
  2861 | D:10     | Reached skill level 5 in Short Blades
  2861 | D:10     | Reached skill level 5 in Long Blades
  2861 | D:10     | Reached skill level 5 in Maces & Flails
  2861 | D:10     | Reached skill level 5 in Polearms
  2861 | D:10     | Reached skill level 5 in Staves
  2861 | D:10     | Reached skill level 5 in Slings
  2861 | D:10     | Reached skill level 5 in Bows
  2861 | D:10     | Reached skill level 5 in Crossbows
  2861 | D:10     | Reached skill level 5 in Throwing
  2861 | D:10     | Reached skill level 5 in Stealth
  2861 | D:10     | Reached skill level 5 in Shields
  2861 | D:10     | Reached skill level 5 in Unarmed Combat
  2861 | D:10     | Reached skill level 5 in Conjurations
  2861 | D:10     | Reached skill level 5 in Hexes
  2861 | D:10     | Reached skill level 5 in Summonings
  2861 | D:10     | Reached skill level 5 in Necromancy
  2861 | D:10     | Reached skill level 5 in Translocations
  2861 | D:10     | Reached skill level 5 in Transmutations
  2861 | D:10     | Reached skill level 5 in Fire Magic
  2861 | D:10     | Reached skill level 5 in Ice Magic
  2861 | D:10     | Reached skill level 5 in Air Magic
  2861 | D:10     | Reached skill level 5 in Earth Magic
  2861 | D:10     | Reached skill level 5 in Poison Magic
  2861 | D:10     | Reached skill level 5 in Invocations
  2861 | D:10     | Reached skill level 5 in Evocations
  2955 | D:10     | Reached skill level 7 in Fighting
  2955 | D:10     | Reached skill level 7 in Axes
  2955 | D:10     | Reached skill level 7 in Dodging
  3000 | D:10     | Reached skill level 6 in Armour
  3053 | D:10     | Got a faintly humming leather armour
  3064 | D:10     | Identified the +2 leather armour "Ijomasep" {*Contam rPois Int+5 Dex+2} (You found it on level 10 of the Dungeon)
  3177 | D:11     | Reached XP level 11. HP: 68/84 MP: 22/22
  3236 | D:11     | Found a staircase to the Lair.
  3368 | D:11     | Killed an unseen horror
  3371 | D:11     | Noticed Erolcha
  3378 | D:11     | Killed Erolcha
  3378 | D:11     | Reached skill level 6 in Short Blades
  3378 | D:11     | Reached skill level 6 in Long Blades
  3378 | D:11     | Reached skill level 6 in Maces & Flails
  3378 | D:11     | Reached skill level 6 in Polearms
  3378 | D:11     | Reached skill level 6 in Staves
  3378 | D:11     | Reached skill level 6 in Slings
  3378 | D:11     | Reached skill level 6 in Bows
  3378 | D:11     | Reached skill level 6 in Crossbows
  3378 | D:11     | Reached skill level 6 in Throwing
  3378 | D:11     | Reached skill level 6 in Stealth
  3378 | D:11     | Reached skill level 6 in Shields
  3378 | D:11     | Reached skill level 6 in Unarmed Combat
  3378 | D:11     | Reached skill level 6 in Conjurations
  3378 | D:11     | Reached skill level 6 in Hexes
  3378 | D:11     | Reached skill level 9 in Charms
  3378 | D:11     | Reached skill level 6 in Summonings
  3378 | D:11     | Reached skill level 6 in Necromancy
  3378 | D:11     | Reached skill level 6 in Translocations
  3378 | D:11     | Reached skill level 6 in Transmutations
  3378 | D:11     | Reached skill level 6 in Fire Magic
  3378 | D:11     | Reached skill level 6 in Ice Magic
  3378 | D:11     | Reached skill level 6 in Air Magic
  3378 | D:11     | Reached skill level 6 in Earth Magic
  3378 | D:11     | Reached skill level 6 in Poison Magic
  3378 | D:11     | Reached skill level 6 in Invocations
  3378 | D:11     | Reached skill level 6 in Evocations
  3434 | D:11     | Noticed a green ugly thing
  3438 | D:11     | Killed a green ugly thing
  3438 | D:11     | Reached ****** piety under Cheibriados
  3438 | D:11     | Reached skill level 8 in Spellcasting
  3618 | D:11     | Noticed a two-headed ogre
  3626 | D:11     | Killed a two-headed ogre
  3668 | D:11     | Got an encrusted cloak
  3679 | D:11     | Identified the cursed +0 cloak of Mumblety Peg {Int+6} (You found it on level 11 of the Dungeon)
  3735 | D:10     | Found a staircase to the Orcish Mines.
  3750 | D:10     | Found a roughly hewn altar of Beogh.
  3773 | Orc:1    | Entered Level 1 of the Orcish Mines
  3773 | Orc:1    | Noticed Maurice
  3773 | Orc:1    | Noticed Fannar
  3787 | Orc:1    | Killed Fannar
  3787 | Orc:1    | Reached skill level 8 in Fighting
  3787 | Orc:1    | Reached skill level 8 in Axes
  3787 | Orc:1    | Reached skill level 7 in Armour
  3787 | Orc:1    | Reached skill level 8 in Dodging
  3788 | Orc:1    | Noticed Urug
  3789 | Orc:1    | Killed Maurice
  3793 | Orc:1    | Noticed a stone giant
  3795 | Orc:1    | Killed Urug
  3801 | Orc:1    | Killed a stone giant
  3801 | Orc:1    | Reached XP level 12. HP: 27/93 MP: 21/24
  3951 | Orc:1    | Found a flagged portal.
  3980 | Bailey   | Entered a bailey
  4063 | Bailey   | Found a bloodstained altar of Trog.
  4140 | Orc:2    | Entered Level 2 of the Orcish Mines
  4144 | Orc:2    | Found Laekhlugg's General Store.
  4146 | Orc:2    | Noticed an ettin
  4155 | Orc:2    | HP: 5/94 [cyclops (15)]
  4155 | Orc:2    | Slain by an ettin

Vault maps used:
D:1:      minmay_arrival_solitary_statue, kennysheep_small_spiral,
          minmay_shallow_snake_nest
D:2:      tgw_trog, nicolae_overflow_crystal_walls,
          chequers_ecumenical_altar_grove, chequers_big_river
D:3:      old_standard_altar, first_bread
D:4:      minmay_temple_entry_junction_2, serial_shops, shop,
          nemelex_lonely_heart_becter, uniq_menkaure, uniq_duvessa
D:5:      serial_shops, shop, shop
D:6:      grunt_temple_overflow_opulence, kennysheep_cross_bottleneck
D:7:      makhleb_heckhound_becter
D:8:      kennysheep_little_box, old_standard_altar, uniq_psyche
D:10:     minmay_orc_entry_temple_small
D:11:     grunt_lair_entry_orc_guard_hut, uniq_erolcha
Orc:1:    enter_bailey_7, mines5_lemuel, uniq_urug, uniq_harold, uniq_maurice,
          uniq_fannar
Orc:2:    grunt_orc_gardens, grunt_orc_garden, grunt_orc_garden,
          grunt_orc_garden, grunt_orc_garden, basic_altar,
          nicolae_orc_damp_corner
Bailey:   bailey_axe_3, bailey

Skill      XL: |  1  2  3  4  5  6  7  8  9 10 11 |
---------------+----------------------------------+-----
Spellcasting   | 5 6 7 8 |  8.6
Short Blades   | 1 2 3 4 5 6 |  6.9
Long Blades    | 1 2 3 4 5 6 |  6.9
Maces & Flails | 1 2 3 4 5 6 |  6.9
Polearms       | 1 2 3 4 5 6 |  6.9
Staves         | 1 2 3 4 5 6 |  6.9
Slings         | 1 2 3 4 5 6 |  6.9
Bows           | 1 2 3 4 5 6 |  6.9
Crossbows      | 1 2 3 4 5 6 |  6.9
Throwing       | 1 2 3 4 5 6 |  6.9
Stealth        | 1 2 3 4 5 6 |  6.9
Shields        | 1 2 3 4 5 6 |  6.9
Unarmed Combat | 1 2 3 4 5 6 |  6.9
Conjurations   | 1 2 3 4 5 6 |  6.9
Hexes          | 1 2 3 4 5 6 |  6.9
Summonings     | 1 2 3 4 5 6 |  6.9
Necromancy     | 1 2 3 4 5 6 |  6.9
Translocations | 1 2 3 4 5 6 |  6.9
Transmutations | 1 2 3 4 5 6 |  6.9
Fire Magic     | 1 2 3 4 5 6 |  6.9
Ice Magic      | 1 2 3 4 5 6 |  6.9
Air Magic      | 1 2 3 4 5 6 |  6.9
Earth Magic    | 1 2 3 4 5 6 |  6.9
Poison Magic   | 1 2 3 4 5 6 |  6.9
Invocations    | 1 2 3 4 5 6 |  6.9
Evocations     | 1 2 3 4 5 6 |  6.9
Armour         | 3 4 5 6 7 |  7.4
Fighting       | 5 6 7 8 |  8.3
Axes           | 5 6 7 8 |  8.3
Dodging        | 5 6 7 8 |  8.3
Charms         | 7 8 9 |  9.5

Action                   |  1- 3 |  4- 6 |  7- 9 | 10-12 || total
-------------------------+-------+-------+-------+-------++-------
Melee: Hand axe          |    96 |    85 |       |       ||   181
       Bite              |     8 |     9 |    15 |    23 ||    55
       Punch             |       |     3 |     2 |       ||     5
       Unarmed           |       |    14 |       |     1 ||    15
       Mace              |       |     9 |    71 |       ||    80
       Kick              |       |     1 |    55 |    74 ||   130
       War axe           |       |       |    30 |       ||    30
       Battleaxe         |       |       |    60 |   123 ||   183
       Dagger            |       |       |       |    19 ||    19
       Eveningstar       |       |       |       |     3 ||     3
Throw: Tomahawk          |       |     1 |       |     1 ||     2
 Cast: Infusion          |     4 |     1 |     1 |       ||     6
       Song of Slaying   |     4 |     5 |    14 |    14 ||    37
       Shroud of Golubri |       |     1 |     3 |     8 ||    12
       Regeneration      |       |     3 |     7 |    18 ||    28
       Spectral Weapon   |       |     1 |    22 |    21 ||    44
Invok: Bend Time         |       |       |       |     4 ||     4
Evoke: Wand              |       |       |     3 |     9 ||    12
  Use: Scroll            |     1 |     2 |     5 |     5 ||    13
       Potion            |       |     2 |     1 |     1 ||     4
 Stab: Distracted        |       |       |     3 |     2 ||     5
       Sleeping          |       |       |     2 |     1 ||     3
  Eat: Chunk             |       |     2 |     3 |     4 ||     9
Armor: Leather armour    |    23 |    21 |       |    33 ||    77
       Skin              |       |    18 |     3 |       ||    21
       Ring mail         |       |     2 |    64 |       ||    66
       Robe              |       |       |     4 |    19 ||    23
Dodge: Dodged            |    74 |    84 |   180 |   306 ||   644
       Deflected         |     1 |     1 |     4 |    18 ||    24

Table legend:
 A = Spawn XP
 B = Non-spawn XP
 C = Spawn XP percentage of total XP
 D = Spawn monster count
 E = Non-spawn monster count
 F = Spawn count percentage of total count
 G = Total turns spent on level
                    A         B        C        D         E        F      G
               +---------+---------+-------+---------+---------+-------+---------
         Total |       0 |   20597 |   0.0 |       0 |     265 |   0.0 |  4155
               +---------+---------+-------+---------+---------+-------+---------
           D:1 |       0 |      40 |   0.0 |       0 |      22 |   0.0 |   361
           D:2 |       0 |      16 |   0.0 |       0 |       8 |   0.0 |   239
           D:3 |       0 |     105 |   0.0 |       0 |      23 |   0.0 |   412
           D:4 |       0 |     676 |   0.0 |       0 |      18 |   0.0 |   470
           D:5 |       0 |     300 |   0.0 |       0 |      11 |   0.0 |   372
           D:6 |       0 |    1077 |   0.0 |       0 |      34 |   0.0 |   281
           D:7 |       0 |     571 |   0.0 |       0 |      22 |   0.0 |   269
           D:8 |       0 |     900 |   0.0 |       0 |      13 |   0.0 |   212
           D:9 |       0 |     781 |   0.0 |       0 |       8 |   0.0 |   184
          D:10 |       0 |    4141 |   0.0 |       0 |      40 |   0.0 |   367
          D:11 |       0 |    5965 |   0.0 |       0 |      38 |   0.0 |   559
         Orc:1 |       0 |    4611 |   0.0 |       0 |      16 |   0.0 |   247
         Orc:2 |       0 |     511 |   0.0 |       0 |       1 |   0.0 |    15
        Bailey |       0 |     903 |   0.0 |       0 |      11 |   0.0 |   120
               +---------+---------+-------+---------+---------+-------+---------

Table legend:
 A = Turns spent in this place as a percentage of turns spent in the entire game.
 B = Non-inter-level travel turns spent in this place as a percentage of non-inter-level travel turns spent in the entire game.
 C = Inter-level travel turns spent in this place as a percentage of turns spent in this place.
 D = Turns resting spent in this place as a percentage of non-inter-level travel turns spent in this place.
 E = Turns spent auto-exploring this place as a percentage of non-inter-level travel turns spent in this place.
 F = Non-inter-level travel turns spent in this place divided by the number of levels of this place that you've seen.
                   A       B       C       D       E      F
               +-------+-------+-------+-------+-------+----------------------
         Total | 100.0 | 100.0 |   0.9 |   0.0 |   0.0 | 274.5
       Dungeon |  90.8 |  90.7 |   1.0 |   0.0 |   0.0 | 311.3
  Orcish Mines |   6.3 |   6.4 |   0.0 |   0.0 |   0.0 | 131.0
        Bailey |   2.9 |   2.9 |   0.0 |   0.0 |   0.0 | 120.0
               +-------+-------+-------+-------+-------+----------------------

Table legend:
 A = Kills in this place as a percentage of kills in entire the game.
 B = Kills by you in this place as a percentage of kills by you in the entire game.
 C = Kills by friends in this place as a percentage of kills by friends in the entire game.
 D = Other kills in this place as a percentage of other kills in the entire game.
 E = Experience gained in this place as a percentage of experience gained in the entire game.
 F = Experience gained in this place divided by the number of levels of this place that you have seen.
                   A       B       C       D       E      F
               +-------+-------+-------+-------+-------+----------------------
         Total | 100.0 | 100.0 |   N/A |   N/A | 100.0 | 1373.1
       Dungeon |  89.4 |  89.4 |   N/A |   N/A |  70.7 | 1214.3
  Orcish Mines |   6.4 |   6.4 |   N/A |   N/A |  24.9 | 2561.0
        Bailey |   4.2 |   4.2 |   N/A |   N/A |   4.4 | 903.0
               +-------+-------+-------+-------+-------+----------------------

Vault maps used:
D:1:      minmay_arrival_solitary_statue, kennysheep_small_spiral,
          minmay_shallow_snake_nest
D:2:      tgw_trog, nicolae_overflow_crystal_walls,
          chequers_ecumenical_altar_grove, chequers_big_river
D:3:      old_standard_altar, first_bread
D:4:      minmay_temple_entry_junction_2, serial_shops, shop,
          nemelex_lonely_heart_becter, uniq_menkaure, uniq_duvessa
D:5:      serial_shops, shop, shop
D:6:      grunt_temple_overflow_opulence, kennysheep_cross_bottleneck
D:7:      makhleb_heckhound_becter
D:8:      kennysheep_little_box, old_standard_altar, uniq_psyche
D:10:     minmay_orc_entry_temple_small
D:11:     grunt_lair_entry_orc_guard_hut, uniq_erolcha
Orc:1:    enter_bailey_7, mines5_lemuel, uniq_urug, uniq_harold, uniq_maurice,
          uniq_fannar
Orc:2:    grunt_orc_gardens, grunt_orc_garden, grunt_orc_garden,
          grunt_orc_garden, grunt_orc_garden, basic_altar,
          nicolae_orc_damp_corner
Bailey:   bailey_axe_3, bailey
